 Dungeon Crawl Stone Soup version 0.31-a0-210-gccc998df9b (webtiles) character file.

Game seed: 6659993409482133525

28 qw the Shooter (level 3, 0/21 HPs)
             Began as a Gargoyle Hexslinger on June 29, 2023.
             Slain by a quokka (1 damage)
             ... on level 1 of the Dungeon.
             The game lasted 00:00:15 (773 turns).

qw the Shooter (Gargoyle Hexslinger)                 Turns: 773, Time: 00:00:16

Health: 0/21       AC:  8    Str: 11    XL:     3   Next: 12%
Magic:  4/4        EV: 11    Int: 13    God:
Gold:   70         SH:  0    Dex: 14    Spells: 3/4 levels left

rFire   . . .        Y - +1 sling
rCold   . . .        (no shield)
rNeg    + . .        f - +0 leather armour
rPois   inf          g - +0 helmet
rElec   +            (no cloak)
rCorr   .            (no gloves)
SInv    .            a - +0 pair of boots
Will    .....        (no amulet)
Stlth   +            (no ring)
HPRegen 0.23/turn    (no ring)
MPRegen 0.09/turn

%: no passive effects
@: no status effects
A: sickness immunity, AC +3, negative energy resistance 1, electricity
resistance, torment resistance 1, petrification resistance
a: no special abilities


You were on level 1 of the Dungeon.
You visited 1 branch of the dungeon, and saw 2 of its levels.

You collected 70 gold pieces.


Innate Abilities, Weirdness & Mutations

You are immune to sickness and miasma.
Your stone body is resilient. (AC +3)
You are immune to poison.
You resist negative energy. (rN+)
You are resistant to electric shocks. (rElec)
You are resistant to unholy torment.
You are immune to petrification.


   Skills:
 - Level 2.2 Fighting
 + Level 3.0 Ranged Weapons
 - Level 1.5 Dodging
 - Level 1.0 Spellcasting
 - Level 2.6 Hexes


You had 3 spell levels left.
You knew the following spells:

 Your Spells              Type           Power      Damage    Failure   Level
a - Slow                  Hex            28%        N/A       12%         1

Your spell library contained the following spells:

 Spells                   Type           Power      Damage    Failure   Level
 Inner Flame              Hex/Fire       4%         N/A       54%         3
 Portal Projectile        Hex/Tloc       8%         N/A       54%         3
 Cause Fear               Hex            3%         N/A       77%         4

Inventory:

Hand Weapons
 Y - a +1 sling (weapon)
Armour
 a - a +0 pair of boots (worn)
 f - a +0 leather armour (worn)
 g - a +0 helmet (worn)
Potions
 c - a potion of haste {unknown}
 e - a potion of berserk rage {unknown}
 h - 2 potions of curing

Dungeon Overview and Level Annotations

Branches:
Dungeon (2/15)

Altars:


Message History

The gnoll closely misses you.
You shoot a sling bullet.
The sling bullet closely misses the gnoll.
The gnoll closely misses you.
You shoot a sling bullet. The sling bullet hits the gnoll!
The gnoll is almost dead.
The gnoll closely misses you. The gnoll hits you with a +0 spear.
You shoot a sling bullet.
The sling bullet barely misses the gnoll.
The gnoll hits you with a +0 spear.
You shoot a sling bullet. The sling bullet hits the gnoll.
You kill the gnoll!
Your Fighting skill increases to level 2!
You have reached level 3!
Your experience leads to an increase in your attributes!
Increase (S)trength, (I)ntelligence, or (D)exterity?
You feel agile. x2
You start resting.
HP restored.
Done exploring.
(D) Dungeon
Where to? (* - list waypoints, Enter - D:2, ? - help)
What level of the Dungeon? (default 1, ? - help)
You climb downwards.
The quokka closely misses you.
The gnoll hits you with a +0 club. x2; The quokka misses you.
There is a stone staircase leading up here.
770 ||| STAIRDANCE The gnoll hits you with a +0 club.
The gnoll barely misses you. The gnoll hits you with a +0 club.
The quokka misses you.
You climb upwards.
There is a stone staircase leading down here.
You shoot a sling bullet. The sling bullet hits the gnoll.
The gnoll is moderately wounded.
The quokka misses you. The gnoll barely misses you.
The gnoll hits you but does no damage. The gnoll hits you with a +0 club!
The quokka closely misses you. The gnoll barely misses you. x3
You shoot a sling bullet.
The sling bullet barely misses the gnoll.
The quokka bites you.
You die...

#...##......##.#....#
#####)..###.....##.#....#########
........# ##....##.#.............
......### #....##....###########
.....(# ##.####.#### ......#####
#.# ##.# ######....# #.###..#
######....###.##gg.#########
...............g@r.........#
........###.######.........#
.......## 7.7 #.........#
.......##77.77####.........#
................##.........#
.......##77.77#...)........#
.......## 7.7 ####.........#
........###.# #.........#
............# #.........#


You could see 3 gnolls and a quokka.

Vanquished Creatures
  A gnoll (D:1)
  A ball python (D:1)
  2 hobgoblins (D:1)
  2 kobolds (D:1)
  2 quokkas (D:1)
  4 bats (D:1)
  2 goblins (D:1)
  3 rats (D:1)
17 creatures vanquished.

Notes
Turn   | Place    | Note
-------+----------+-------------------------------------------
     0 | D:1      | qw the Gargoyle Hexslinger began the quest for the Orb.
     0 | D:1      | Reached XP level 1. HP: 12/12 MP: 2/2
     0 | D:1      | 0 ||| qw: Version: 0.3-a-24-ga2abf7b
     0 | D:1      | 0 ||| qw: Game counter: 6924
     0 | D:1      | 0 ||| qw: Melee chars always use a shield: true
     0 | D:1      | 0 ||| qw: God list: Okawaru
     0 | D:1      | 0 ||| qw: Allow faded altars: false
     0 | D:1      | 0 ||| qw: Do Orc after clearing Dungeon:15 true
     0 | D:1      | 0 ||| qw: Do second Lair branch before Depths: true
     0 | D:1      | 0 ||| qw: Lair rune preference: random
     0 | D:1      | 0 ||| qw: Goals: Normal
     0 | D:1      | 0 ||| PLANNING D:1-11
   147 | D:1      | Reached XP level 2. HP: 16/16 MP: 3/3
   321 | D:1      | 321 ||| UPGRADING to +0 leather armour.
   347 | D:1      | 347 ||| DROPPING +0 robe.
   348 | D:1      | 348 ||| UPGRADING to +0 helmet.
   355 | D:1      | Found a faded altar of an unknown god.
   356 | D:1      | 356 ||| READING scroll labelled IBBEAJ WIFAS.
   411 | D:1      | Reached skill level 3 in Ranged Weapons
   466 | D:1      | 466 ||| UPGRADING to +0 pair of boots.
   686 | D:1      | 686 ||| READING scroll labelled APOUMYLI OBRU.
   687 | D:1      | 687 ||| DRINKING 3 green potions.
   688 | D:1      | 688 ||| DROPPING scroll of poison.
   713 | D:2      | 713 ||| STAIRDANCE
   720 | D:1      | Reached XP level 3. HP: 10/21 MP: 4/4
   770 | D:2      | 770 ||| STAIRDANCE
   772 | D:1      | HP: 1/21 [gnoll/+0 club (8)]
   773 | D:1      | Slain by a quokka

Levels and vault maps discovered:
D:1:      erik_arrival_triangle_large, layout_basic,
          shapermc_ecumenical_altar_notcrosses, minmay_tree_intersection
D:2:      layout_basic

Skill      XL: |  1  2 |
---------------+-------+-----
Ranged Weapons | 3 |  3.0
Fighting       | 2 |  2.2
Dodging        | |  1.5
Spellcasting   | |  1.0
Hexes          | |  2.6

Action                     || total
---------------------------++-------
   Fire: Sling             ||    54
    Use: Scroll            ||     2
         Potion            ||     1
 Armour: Robe              ||     2
         Leather armour    ||     2
         Skin              ||     1
  Dodge: Dodged            ||    29

Table legend:
 A = Non-vault XP
 B = Vault XP
 C = Vault XP percentage of total XP
 D = Non-vault monster count
 E = Vault monster count
 F = Vault count percentage of total count
                 A         B        C        D         E       F
            +---------+---------+-------+---------+---------+-------
      Total |      40 |       0 |   0.0 |      17 |       0 |   0.0
            +---------+---------+-------+---------+---------+-------
        D:1 |      40 |       0 |   0.0 |      17 |       0 |   0.0
            +---------+---------+-------+---------+---------+-------
